 Dungeon Crawl Stone Soup version 0.22.1-2-g9c5b331383 (webtiles) character file.

451 Ihlosi the Sneak (level 7, -6/40 HPs)
             Began as a Kobold Enchanter on Dec 29, 2018.
             Killed from afar by an orc wizard (8 damage)
             ... with a puff of flame
             ... on level 4 of the Dungeon.
             The game lasted 00:14:36 (5173 turns).

Ihlosi the Sneak (Kobold Enchanter)                 Turns: 5173, Time: 00:14:37

Health: -6/40      AC:  5    Str:  6    XL:     7   Next: 25%
Magic:  2/10       EV: 17    Int: 20    God:
Gold:   160        SH:  0    Dex: 16    Spells: 6/12 levels left

rFire    . . .     SeeInvis .   a - +2 dagger (pain)
rCold    . . .     Gourm    .   (shield restricted)
rNeg     . . .     Faith    .   b - +0 robe
rPois    .         Spirit   .   (no helmet)
rElec    .         Reflect  .   (no cloak)
rCorr    .         Harm     .   (no gloves)
MR       .....     Rnd*Rage +   (no boots)
Stlth    +++.......             (no amulet)
HPRegen  0.13/turn              p - +3 ring of protection
MPRegen  0.12/turn              m - +3 ring of intelligence

@: flying
A: small, berserk 1, carnivore, low mp 1, mutation resistance 1
a: no special abilities


You were on level 4 of the Dungeon.
You were not hungry.

You visited 1 branch of the dungeon, and saw 4 of its levels.
You also visited: Sewer.

You collected 160 gold pieces.

Inventory:

Hand Weapons
 a - a +2 dagger of pain (weapon)
 i - a +2 spear of piercing
 o - a +1 dagger
 q - a +0 blowgun
Missiles
 r - 14 poisoned needles
Armour
 b - a +0 robe (worn)
Jewellery
 g - an uncursed ring of resist corrosion
 h - an uncursed ring of protection from fire
 m - a +3 ring of intelligence (right hand)
 p - a +3 ring of protection (left hand)
Scrolls
 c - 2 scrolls of random uselessness {unknown}
 e - 5 scrolls of remove curse
 f - a scroll of identify
 l - a scroll of teleportation
 s - a scroll of amnesia {unknown}
Comestibles
 d - 7 rations


   Skills:
 * Level 2.1 Fighting
 - Level 3.0 Short Blades
 - Level 1.0 Armour
 * Level 4.2 Dodging
 - Level 6.0 Stealth
 - Level 3.0 Spellcasting
 * Level 4.1 Hexes
 - Level 1.0 Ice Magic
   Level 1.9 Evocations


You had 6 spell levels left.
You knew the following spells:

 Your Spells              Type           Power        Failure   Level  Hunger
a - Corona                Hex            ###....      2%          1    None
b - Ensorcelled Hibernat  Hex/Ice        ##....       8%          2    ##.....
c - Confuse               Hex            ###.....     8%          3    ###....

Your spell library contained the following spells:

 Spells                   Type           Power        Failure   Level  Hunger
 Tukima's Dance           Hex            ###.....     8%          3    ###....
 Dazzling Spray           Conj/Hex       ##....       19%         3    ###....


Dungeon Overview and Level Annotations

Branches:
Dungeon (4/15)
 Temple: D:4-7

Altars:
Cheibriados
Dithmenos
Elyvilon

Annotations:
D:3 3 runed doors, Jynx's ghost, amateur GrFi; Skull's ghost, amateur GrEE


Innate Abilities, Weirdness & Mutations

You are small and have problems with some larger weapons.
You are carnivorous and can eat meat at any time.
You tend to lose your temper in combat.
Your magical capacity is low. (-10% MP)
You are somewhat resistant to further mutation.


Message History

The orc wizard points at you and mumbles some strange words.
The puff of flame hits you!
* * * LOW HITPOINT WARNING * * *
It was a potion of flight.
You feel very buoyant.
You fly up into the air.
The orc wizard closely misses you.
It was a potion of mutation.
You feel extremely strange.
You feel a little pissed off.
You feel genetically stable.
You feel less energetic.
The orc wizard hits you but does no damage.
You miss the orc wizard.
The orc wizard is almost dead.
The orc wizard points at you and mumbles some strange words.
The magic dart hits you!
* * * LOW HITPOINT WARNING * * *
You closely miss the orc wizard.
The orc wizard is almost dead.
The orc wizard gestures at you while chanting.
The puff of flame hits you!
You die...

. .≈ ..≈ ..≈ ..
#..##.##############
......hlo@.........#
#.#####o##.#...>...#
####.#.......#
#...........#
###.#...>...#
#.#.......#
#....[....# ###
#.######### ... #.#
#.#


You could see an orc wizard, an orc, a leopard gecko and a jackal.

Vanquished Creatures
  A bullfrog (Sewer)
  A hound (D:4)
  An orc priest (D:3)
  An orc wizard (D:4)
  Natasha (thrice) (D:2)
  5 gnolls
  8 adders
  An ooze (D:2)
  2 worms
  6 leopard geckos
  7 orcs
  9 bats
  8 giant cockroaches
  4 goblins
  6 hobgoblins
  5 jackals
  10 kobolds
  A quokka (D:2)
  A ball python (D:2)
  15 frilled lizards
  9 rats
104 creatures vanquished.

Vanquished Creatures (others)
  4 withered plants (D:3)
4 creatures vanquished.

Grand Total: 108 creatures vanquished

Notes
Turn   | Place    | Note
-------+----------+-------------------------------------------
     0 | D:1      | Ihlosi the Kobold Enchanter began the quest for the Orb.
     0 | D:1      | Reached XP level 1. HP: 10/10 MP: 3/3
   111 | D:1      | Reached XP level 2. HP: 6/16 MP: 5/5
   364 | D:1      | Learned a level 2 spell: Ensorcelled Hibernation
   491 | D:1      | Reached XP level 3. HP: 7/20 MP: 6/6
  1478 | D:2      | Found a white marble altar of Elyvilon.
  1599 | D:2      | Learned a level 3 spell: Confuse
  1901 | D:2      | Reached XP level 4. HP: 24/24 MP: 7/7
  1920 | D:2      | Noticed Natasha
  1933 | D:2      | Killed Natasha
  1933 | D:2      | Reached skill level 5 in Stealth
  1937 | D:2      | Noticed Natasha
  1956 | D:2      | Killed Natasha
  1956 | D:2      | Reached skill level 1 in Fighting
  1956 | D:2      | Reached XP level 5. HP: 5/29 MP: 8/8
  2419 | D:2      | Noticed Natasha
  2465 | D:2      | Killed Natasha
  2495 | D:2      | Reached skill level 1 in Armour
  3139 | D:3      | Found a runed gate.
  3139 | D:3      | Found a runed gate.
  3140 | D:3      | Found a runed gate.
  3141 | D:3      | Noticed Jynx's ghost (amateur GrFi)
  3143 | D:3      | Noticed Skull's ghost (amateur GrEE)
  3213 | D:3      | Reached XP level 6. HP: 7/34 MP: 1/10
  3308 | D:3      | Reached skill level 1 in Evocations
  3376 | D:3      | Found a snail-covered altar of Cheibriados.
  3502 | D:3      | Found a shadowy altar of Dithmenos.
  3512 | D:3      | Found a glowing drain.
  3583 | Sewer    | Entered a sewer
  3620 | Sewer    | Reached skill level 6 in Stealth
  4205 | Sewer    | Reached XP level 7. HP: 39/39 MP: 8/11
  5115 | D:4      | Reached skill level 1 in Ice Magic
  5171 | D:4      | Gained mutation: You tend to lose your temper in combat.
                  | [potion of mutation]
  5171 | D:4      | Gained mutation: You are somewhat resistant to further
                  | mutation. [potion of mutation]
  5171 | D:4      | Gained mutation: Your magical capacity is low. (-10% MP)
                  | [potion of mutation]
  5172 | D:4      | HP: 2/40 [orc wizard/magic dart (6)]
  5173 | D:4      | Killed from afar by an orc wizard

Skill      XL: |  1  2  3  4  5  6  7 |
---------------+----------------------+-----
Short Blades   | 2 3 |  3.0
Dodging        | 3 4 |  4.2
Stealth        | 5 6 |  6.0
Fighting       | 1 2 |  2.1
Armour         | 1 |  1.0
Evocations     | 1 |  1.9
Spellcasting   | 3 |  3.0
Hexes          | 4 |  4.1
Ice Magic      | 1 |  1.0

Action                   |  1- 3 |  4- 6 |  7- 9 || total
-------------------------+-------+-------+-------++-------
Melee: Dagger            |   151 |   145 |    73 ||   369
       Spear             |       |    36 |       ||    36
 Cast: Corona            |     3 |       |     1 ||     4
       Ensorcelled Hiber |     8 |    38 |    11 ||    57
Evoke: Wand              |       |     5 |     1 ||     6
  Use: Potion            |     1 |     1 |     3 ||     5
       Scroll            |       |     6 |       ||     6
 Stab: Sleeping          |    15 |    26 |     3 ||    44
  Eat: Chunk             |    12 |     7 |     1 ||    20
Armor: Robe              |    24 |    38 |    18 ||    80
Dodge: Dodged            |   116 |   191 |    50 ||   357
